 Dungeon Crawl Stone Soup version 0.30-a0-12-gd8047c6341 (webtiles) character file.

Game seed: 5552388552106211023

20 Spectrina the Magician (level 3, -2/25 HPs)
             Began as a Djinni Venom Mage on Aug 23, 2022.
             Slain by a quokka (4 damage)
             ... on level 4 of the Dungeon on Aug 24, 2022.
             The game lasted 00:03:38 (412 turns).

Spectrina the Magician (Djinni Venom Mage)           Turns: 412, Time: 00:03:39

Health: -2/25      AC:  3    Str:  4 (7)  XL:     3   Next: 0%
Gold:   37         EV: 11    Int: 16 (18) God:
                   SH:  0    Dex: 11 (13)

rFire   + + +      SeeInvis .    (no weapon)
rCold   x . .      Faith    .    (no shield)
rNeg    . . .      Spirit   .    e - +0 leather armour {rF+}
rPois   ∞          Reflect  .    (no helmet)
rElec   .          Harm     .    (no cloak)
rCorr   .          Rampage  .    (no gloves)
Will    .....                    (boots unavailable)
Stlth   +.........               (no amulet)
HPRegen 0.08/turn                (no ring)
MPRegen 0.00/turn                (no ring)

@: attractive, flying
A: sickness immunity, fire resistance 2, cold vulnerability 1, float, innate
caster, HP casting, extra vitality 1
a: no special abilities


You were on level 4 of the Dungeon.
You visited 1 branch of the dungeon, and saw 4 of its levels.

You collected 37 gold pieces.

Inventory:

Armour
 a - a +0 robe
 e - a +0 leather armour of fire resistance (worn)
Scrolls
 c - a scroll of immolation {unknown}
 f - a scroll of noise {unknown}


   Skills:
 - Level 2.1 Dodging
 - Level 1.5 Stealth
 + Level 3.1 Spellcasting


You couldn't memorise any spells.
You knew the following spells:

 Your Spells              Type           Power      Damage    Failure   Level
a - Sting                 Tmut/Pois      48%        1d5       9%          1
b - Poisonous Vapours     Pois/Air       24%        N/A       14%         2
c - Mephitic Cloud        Conj/Pois/Air  12%        N/A       26%         3
d - Olgreb's Toxic Radia  Pois           12%        N/A       65%         4
e - Shock                 Conj/Air       48%        1d6       9%          1
Your spell library was empty.

Dungeon Overview and Level Annotations

Branches:
Dungeon (4/15)
 Temple: D:4-7

Altars:


Innate Abilities, Weirdness & Mutations

You are immune to sickness and miasma.
You are immune to poison.
Your flesh is very heat resistant. (rF++)
You are vulnerable to cold. (rC-)
You float through the air rather than walking.
You learn spells naturally, not from books.
Your magical power is your life essence.
You have superior vitality. (+4 MHP)


Message History

Unknown command.
The quokka attacks as you move away! The quokka bites you.
* * * LOW HITPOINT WARNING * * *
You kill the endoplasm!
The quokka twitches its whiskers.
The quokka barely misses you.
You have reached level 3!
Your experience leads to an increase in your attributes!
Increase (S)trength, (I)ntelligence, or (D)exterity?
You feel clever. x2
The power to cast Shock wells up from within.
Spell assigned to 'e'.
Casting: Sting (safe; 7% risk of failure)
Confirm with . or Enter, or press ? or * to list all spells.
Aiming: Sting (safe; 7% risk of failure)
Press: ? - help, Shift-Dir - straight line, f/p - quokka
Aim: a quokka (poisoned, 60% to hit)
Okay, then.
Unknown command.
It was a potion of cancellation.
You feel magically purged. The quokka misses you.
It was a potion of attraction.
You feel attractive to monsters. The quokka barely misses you.
It was a potion of degeneration.
There was something very wrong with that liquid.
You feel weakened.
You feel dopey.
You feel clumsy.
The quokka bites you but does no damage.
Unknown command.
Casting: Sting (safe; 9% risk of failure)
Confirm with . or Enter, or press ? or * to list all spells.
Aiming: Sting (safe; 9% risk of failure)
Press: ? - help, Shift-Dir - straight line, f/p - quokka
Aim: a quokka (heavily wounded, poisoned, 60% to hit)
The sting hits the quokka but does no damage.
The quokka looks even sicker.
The quokka is heavily wounded.
* * * LOW HITPOINT WARNING * * *
The quokka bites you.
You die...

....................###
...#..................#.
................(.......
........................
..................<.....
........................
........................
........r...###...##....
.......@...## ###..#....
...........# ##......
..........## ##....:
.........#.. ###...
.........#... ##..
.§≈§≈≈..#...... ##.
+####§..#...... ##
##.#... ...


You could see a quokka (very poisoned).

Vanquished Creatures
  A gnoll (D:1)
  2 ball pythons (D:1)
  An endoplasm (D:4)
  A giant cockroach (D:1)
  A kobold (D:1)
  3 bats
  A rat (D:1)
10 creatures vanquished.

Notes
Turn   | Place    | Note
-------+----------+-------------------------------------------
     0 | D:1      | Spectrina the Djinni Venom Mage began the quest for the
                  | Orb.
     0 | D:1      | Spectrina set off with the following spells memorised:
                  | Sting, Poisonous Vapours, Mephitic Cloud, Olgreb's Toxic
                  | Radiance.
     0 | D:1      | Reached XP level 1. HP: 15/15 MP: 0/0
   102 | D:1      | Reached XP level 2. HP: 7/21 MP: 0/0
   196 | D:1      | Reached skill level 3 in Spellcasting
   409 | D:4      | Reached XP level 3. HP: 3/25 MP: 0/0
   409 | D:4      | Learned a level 1 spell: Shock
   412 | D:4      | Slain by a quokka

Illustrated notes

Levels and vault maps discovered:
D:1:      eino_arrival_cavern_b, layout_loops_ring, serial_shops, shop
D:2:      layout_basic
D:3:      layout_basic, demons_altar, shapermc_ecumenical_altar_mp_highgroup
D:4:      layout_cave_pods, grunt_dithmenos_smoke_and_mirrors,
          lemuel_crystal_altar, lightli_temple_of_fire, hex_large,
          minmay_bisected, uniq_edmund

Skill      XL: |  1  2 |
---------------+-------+-----
Spellcasting   | 3 |  3.1
Dodging        | |  2.1
Stealth        | |  1.5

Action                   || total
-------------------------++-------
Melee: Unarmed           ||     1
 Cast: Sting             ||    20
  Use: Potion            ||     3
Armor: Robe              ||     2
       Leather armour    ||     2
Dodge: Dodged            ||    18

Table legend: (Time is in decaauts)
 A = Elapsed time spent in this place.
 B = Non-inter-level travel time spent in this place.
 C = Inter-level travel time spent in this place.
 D = Time resting spent in this place.
 E = Time spent auto-exploring this place.
 F = Levels seen in this place.
 G = Mean time per level.
                   A        B        C        D        E       F      G
               +--------+--------+--------+--------+--------+-----+--------+
         Total |    411 |    411 |      0 |      0 |      0 |   4 |  102.8 |
       Dungeon |    411 |    411 |      0 |      0 |      0 |   4 |  102.8 |
               +--------+--------+--------+--------+--------+-----+--------+

Top non-repeatable levels by time:
     D:1: 243 daAuts
     D:3: 91 daAuts
     D:2: 47 daAuts
     D:4: 28 daAuts
